 Dungeon Crawl Stone Soup version 0.26-a0-658-gbdda728c12 (webtiles) character file.

Game seed: 7724617274880933319

41 flotson the Magician (level 3, 0/21 HPs)
             Began as a Deep Elf Warper on Oct 4, 2020.
             Succumbed to an adder's poison
             ... on level 2 of the Dungeon.
             The game lasted 00:02:51 (1462 turns).

flotson the Magician (Deep Elf Warper)              Turns: 1462, Time: 00:02:52

Health: 0/21       AC:  3    Str:  8    XL:     3   Next: 32%
Magic:  5/10       EV: 13    Int: 18    God:
Gold:   48         SH:  0    Dex: 20    Spells: 7/9 levels left

rFire    . . .     SeeInvis .   a - +2 dagger (venom)
rCold    . . .     Faith    .   (no shield)
rNeg     + . .     Spirit   .   b - +0 leather armour
rPois    .         Reflect  .   (no helmet)
rElec    .         Harm     .   (no cloak)
rCorr    .         Rampage  .   (no gloves)
MR       .....                  (no boots)
Stlth    ++........             (no amulet)
HPRegen  0.07/turn              c - +6 ring of dexterity
MPRegen  0.12/turn              l - ring of positive energy

@: brilliant, lethally poisoned (0 -> -1)
A: no striking features
a: no special abilities


You were on level 2 of the Dungeon.
You visited 1 branch of the dungeon, and saw 2 of its levels.

You collected 48 gold pieces.

Inventory:

Hand Weapons
 a - a +2 dagger of venom (weapon)
Missiles
 e - 4 boomerangs of dispersal (quivered)
Armour
 b - a +0 leather armour (worn)
Jewellery
 c - a +6 ring of dexterity (left hand)
 l - a ring of positive energy (right hand)
Scrolls
 d - a scroll of blinking
 f - 2 scrolls of teleportation
 g - a scroll of identify {unknown}
 h - a scroll of remove curse {unknown}
 j - a scroll of enchant weapon {unknown}
 k - a scroll of amnesia {unknown}


   Skills:
 + Level 1.7 Fighting
 + Level 2.5 Short Blades
 + Level 1.0 Throwing
 + Level 1.0 Armour
 + Level 2.8 Dodging
 + Level 1.5 Stealth
 + Level 3.5 Spellcasting
 + Level 3.3 Translocations


You had 7 spell levels left.
You knew the following spells:

 Your Spells              Type           Power        Failure   Level
a - Blink                 Tloc           N/A          9%          2

Your spell library contained the following spells:

 Spells                   Type           Power        Failure   Level
 Gell's Gravitas          Tloc           ###.......   17%         3
 Lesser Beckoning         Tloc           ###.......   17%         3
 Teleport Other           Tloc           ###.....     17%         3
 Passage of Golubria      Tloc           N/A          50%         4


Dungeon Overview and Level Annotations

Branches:
Dungeon (2/15)

Altars:


Message History

The adder is moderately wounded.
You feel sick.
You aren't carrying any potions.
Unknown command.
As you read the scroll labeled YVVEGU VIEVA, it crumbles to dust.
You feel strangely unstable.
It was a scroll of teleportation.
The leopard gecko hisses menacingly.
You feel sick. The leopard gecko bites you.
* * * LOW HITPOINT WARNING * * *
Casting: Blink (safe; 9% risk of failure)
Confirm with . or Enter, or press ? or * to list all spells.
You don't know that spell.
Casting: Blink (safe; 9% risk of failure)
Confirm with . or Enter, or press ? or * to list all spells.
You feel a surge of power!
You blink.
The leopard gecko closely misses you. The adder misses you.
Your surroundings suddenly seem different.
* * * LOW HITPOINT WARNING * * *
You feel sick.
You die...

g..# #.#
#.#####.#########
#...............#
#####...............#
#.).#.......l....Sl.#
#.#.#..............ยง#
#.#.#.#.....#########
### #.#.#.#.#####
#.#####.#.#@#.#
#.......#.#.#.#
#.#######.#.#.# #.#
#.#.#.#
#.#######.#.#.#
#.#.....#.#.#.#
#.#.###.#.#.#.#
#.#.#...#.#.#.#
#.#.#)###.#.#.#


There were no monsters in sight!

Vanquished Creatures
  A dart slug (D:1)
  2 leopard geckos (D:1)
  A giant cockroach (D:1)
  7 goblins
  3 hobgoblins (D:1)
  4 jackals (D:1)
  3 kobolds (D:1)
  4 bats (D:1)
  A frilled lizard (D:1)
  6 rats (D:1)
32 creatures vanquished.

Notes
Turn   | Place    | Note
-------+----------+-------------------------------------------
     0 | D:1      | flotson the Deep Elf Warper began the quest for the Orb.
     0 | D:1      | Reached XP level 1. HP: 12/12 MP: 6/6
   541 | D:1      | Reached XP level 2. HP: 16/16 MP: 8/8
   725 | D:1      | Reached skill level 1 in Stealth
   982 | D:1      | Reached skill level 1 in Armour
  1197 | D:1      | Reached XP level 3. HP: 21/21 MP: 10/10
  1226 | D:1      | Learned a level 2 spell: Blink
  1454 | D:2      | HP: 1/21 [leopard gecko (2)]
  1462 | D:2      | Succumbed to an adder's poison

Illustrated notes

Levels and vault maps discovered:
D:1:      minmay_arrival_four_circles, layout_loops_ring
D:2:      layout_basic

Skill      XL: |  1  2 |
---------------+-------+-----
Stealth        | 1 |  1.5
Armour         | 1 |  1.0
Fighting       | |  1.7
Short Blades   | |  2.5
Throwing       | |  1.0
Dodging        | |  2.8
Spellcasting   | |  3.5
Translocations | |  3.3

Action                   || total
-------------------------++-------
Melee: Short sword       ||    27
       Dagger            ||    67
Throw: Boomerang         ||     1
 Cast: Blink             ||     3
  Use: Scroll            ||     1
       Potion            ||     1
 Stab: Sleeping          ||     4
Armor: Leather armour    ||    19
Dodge: Dodged            ||    65

Table legend: (Time is in decaauts)
 A = Elapsed time spent in this place.
 B = Non-inter-level travel time spent in this place.
 C = Inter-level travel time spent in this place.
 D = Time resting spent in this place.
 E = Time spent auto-exploring this place.
 F = Levels seen in this place.
 G = Mean time per level.
                   A        B        C        D        E       F      G
               +--------+--------+--------+--------+--------+-----+--------+
         Total |   1451 |   1437 |     14 |    278 |    909 |   2 |  725.5 |
       Dungeon |   1451 |   1437 |     14 |    278 |    909 |   2 |  725.5 |
               +--------+--------+--------+--------+--------+-----+--------+

Top non-repeatable levels by time:
     D:1: 1339 daAuts
     D:2: 111 daAuts
